 Dungeon Crawl Stone Soup version 0.31-a0-1059-g83d41fd8b6 (webtiles) character file.

Game seed: 18349962042357108129

347 graki42 the Magician (level 6, -3/32 HPs)
             Began as a Deep Elf Fire Elementalist on Nov 21, 2023.
             Was a Follower of Vehumet.
             Shot with an arrow by a centaur (8 damage)
             ... on level 5 of the Dungeon.
             The game lasted 00:11:10 (4033 turns).

graki42 the Magician (Deep Elf Fire Elementalist)   Turns: 4033, Time: 00:11:11

Health: -3/32      AC:  4    Str:  7    XL:     6   Next: 32%
Magic:  8/15       EV: 13    Int: 20    God:    Vehumet [*.....]
Gold:   233        SH:  0    Dex: 15    Spells: 8/14 levels left

rFire   . . .        (no weapon)
rCold   . . .        (no shield)
rNeg    . . .        a - +0 robe
rPois   .            (no helmet)
rElec   .            d - +0 cloak
rCorr   .            g - +0 pair of gloves
SInv    .            (no boots)
Will    .....        (no amulet)
Stlth   ++           (no ring)
HPRegen 0.25/turn    (no ring)
MPRegen 0.14/turn

%: no passive effects
@: very slightly contaminated, invisible
A: no striking features
a: Renounce Religion


You were on level 5 of the Dungeon.
You worshipped Vehumet.
Vehumet was aware of your devotion.
You visited 1 branch of the dungeon, and saw 5 of its levels.

You collected 233 gold pieces.

Inventory:

Armour
 a - a +0 robe (worn)
 d - a +0 cloak (worn)
 g - a +0 pair of gloves (worn)
Jewellery
 u - a ring of ice
 v - a +5 ring of evasion
Scrolls
 j - 2 scrolls of noise
 k - a scroll of enchant weapon {unknown}
 m - a scroll of fear {unknown}
 n - a scroll of silence {unknown}
 r - a scroll of teleportation {unknown}
 s - a scroll of immolation {unknown}
 t - a scroll of vulnerability {unknown}
Potions
 b - a potion of magic
 c - 2 potions of berserk rage {unknown}
 e - a potion of enlightenment
 f - 2 potions of ambrosia {unknown}
 h - 3 potions of resistance {unknown}
 i - a potion of mutation
 l - a potion of heal wounds
 p - a potion of lignification
 q - a potion of curing {unknown}


   Skills:
 - Level 3.0 Dodging
 - Level 3.0 Stealth
 + Level 4.9 Spellcasting
 + Level 3.2 Conjurations
 + Level 2.9 Hexes
 + Level 2.2 Translocations
 + Level 4.5 Fire Magic


You had 8 spell levels left.
You knew the following spells:

 Your Spells              Type           Power      Damage    Failure   Level
a - Foxfire               Conj/Fire      80%        2x1d8     2%          1
b - Scorch                Fire           46%        2d6       2%          2
c - Slow                  Hex            64%        N/A       3%          1
d - Blink                 Tloc           28%        N/A       7%          2

Your spell library contained the following spells:

 Spells                   Type           Power      Damage    Failure   Level
 Magic Dart               Conj           72%        1d6       3%          1
 Inner Flame              Hex/Fire       20%        N/A       8%          3
 Volatile Blastmotes      Fire/Tloc      36%        2d13      9%          3
 Confusing Touch          Hex            16%        N/A       11%         3
 Sigil of Binding         Hex            16%        N/A       11%         3
 Freeze                   Ice            16%        1d4       12%         1
 Cigotuvi's Dreadful Rot  Necr/Pois/Air  8%         N/A       19%         2
 Hailstorm                Conj/Ice       11%        3d5       19%         3
 Ignite Poison            Fire/Tmut/Pois 11%        N/A       19%         3
 Flame Wave               Conj/Fire      20%        2d7       24%         4
 Frozen Ramparts          Ice            8%         1d2       34%         3
 Vampiric Draining        Necr           4%         2d6       34%         3
 Manifold Assault         Tloc           14%        N/A       41%         4
 Freezing Cloud           Conj/Ice/Air   4%         6-21      91%         5


Dungeon Overview and Level Annotations

Branches:
Dungeon (5/15)             Temple (0/1) D:4

Altars:
Cheibriados
Elyvilon
Hepliaklqana
Kikubaaqudgha
Makhleb
Sif Muna
Vehumet


Message History

Nothing appears to happen.
The foxfire hits the quokka.
The quokka is moderately wounded.
The foxfire hits the quokka.
You kill the quokka!
Vehumet accepts your kill.
The foxfire hits the centaur but does no damage.
Casting: Foxfire (safe; 2% risk of failure)
Confirm with . or Enter, or press ? or * to list all spells.
You conjure some foxfire!
Casting: Foxfire (safe; 2% risk of failure)
Confirm with . or Enter, or press ? or * to list all spells.
You conjure some foxfire!
The foxfire hits the centaur.
The centaur is moderately wounded.
The foxfire hits the centaur.
The centaur is heavily wounded.
Unknown command.
Casting: Foxfire (safe; 2% risk of failure)
Confirm with . or Enter, or press ? or * to list all spells.
You conjure some foxfire!
The foxfire hits the centaur but does no damage.
The centaur is heavily wounded.
The foxfire hits the centaur but does no damage.
The centaur is heavily wounded.
The centaur shoots an arrow.
The arrow hits you.
An orc priest comes into view. It is wielding a +0 flail.
Casting: Foxfire (safe; 2% risk of failure)
Confirm with . or Enter, or press ? or * to list all spells.
Flames lash the orc.
The orc is heavily wounded.
The orc's fire resistance burns away.
The foxfire hits the orc but does no damage.
The orc is heavily wounded.
The foxfire hits the orc but does no damage.
The orc is heavily wounded.
The centaur shoots an arrow.
The arrow hits you!
* * * LOW HITPOINT WARNING * * *
You fade into invisibility!
The centaur shoots an arrow.
The arrow barely misses the orc.
The arrow hits you!
You die...

...# ######### ...#
#......... ...# ###
#......... ...#
#.#######..)......
...####.##....#.........
..............+.........
.#####..####..#.........
.# #..>†.......§.§......
'#####....##.##§@.......
..####.....#.##.o.......
.............##.c.....?.
..###....#...###...##...
........#...............
..###.......####......#.
..###.......# #.o....#
............# ##.....#
............# .....#


You could see a centaur (unable to see you), an orc priest (unable to see you)
and an orc (unable to see you, combustible).

Vanquished Creatures
  A black bear (D:5)
  2 hounds
  A jelly (D:4)
  An iguana (D:5)
  A mummy (D:3)
  5 adders
  A worm (D:2)
  9 orcs
  3 endoplasms
  12 giant cockroaches
  7 goblins
  5 hobgoblins
  A quokka (D:5)
  7 ball pythons
  6 bats
  2 frilled lizards
  3 kobolds
  7 rats
74 creatures vanquished.

Vanquished Creatures (others)
  211 foxfires
211 creatures vanquished.

Grand Total: 285 creatures vanquished

Notes
Turn   | Place    | Note
-------+----------+-------------------------------------------
     0 | D:1      | graki42 the Deep Elf Fire Elementalist began the quest for
                  | the Orb.
     0 | D:1      | Reached XP level 1. HP: 10/10 MP: 6/6
   515 | D:1      | Reached XP level 2. HP: 15/15 MP: 5/8
  1184 | D:2      | Reached XP level 3. HP: 19/19 MP: 6/9
  1367 | D:2      | Learned a level 2 spell: Scorch
  1369 | D:2      | Learned a level 1 spell: Slow
  1588 | D:2      | Found a radiant altar of Vehumet.
  1596 | D:2      | Became a worshipper of Vehumet
  1714 | D:3      | Learned a level 2 spell: Blink
  1845 | D:3      | Found a shimmering blue altar of Sif Muna.
  1881 | D:3      | Found a snail-covered altar of Cheibriados.
  1961 | D:3      | Found a white marble altar of Elyvilon.
  1982 | D:3      | Reached XP level 4. HP: 22/24 MP: 8/11
  2211 | D:3      | Reached skill level 1 in Hexes
  2374 | D:3      | Reached * piety under Vehumet
  2374 | D:3      | Offered knowledge of Magic Dart by Vehumet.
  2594 | D:3      | Found a hazy altar of Hepliaklqana.
  2768 | D:4      | Found an ancient bone altar of Kikubaaqudgha.
  2893 | D:4      | Found a staircase to the Ecumenical Temple.
  2967 | D:4      | Reached skill level 1 in Translocations
  3332 | D:4      | Found a burning altar of Makhleb.
  3337 | D:4      | Reached XP level 5. HP: 28/28 MP: 9/13
  3706 | D:5      | Entered Level 5 of the Dungeon
  3936 | D:5      | Noticed a black bear
  3950 | D:5      | Killed a black bear
  3951 | D:5      | Reached XP level 6. HP: 32/32 MP: 7/15
  4033 | D:5      | Shot with an arrow by a centaur

Illustrated notes

Levels and vault maps discovered:
D:1:      saegor_arrival_simple_a, layout_loops_ring, minmay_tromino_v4_c
D:2:      layout_loops_ring, basic_altar
D:3:      minmay_roachtagon, layout_loops_ring, mainiacjoe_overflow_alcove_4,
          slow_altar_2, elyvilon_altar_1, nicolae_sif_muna_little_library,
          hangedman_abyss_or_decor_stabs, minmay_statues_item, minmay_cut_off
D:4:      layout_gridville, overflow_temple_1_default, makhleb_heckhound_becter,
          minmay_temple_entry_ruins
D:5:      layout_basic

Skill      XL: |  1  2  3  4  5 |
---------------+----------------+-----
Stealth        | 3 |  3.0
Dodging        | 3 |  3.0
Conjurations   | 2 3 |  3.2
Spellcasting   | 4 |  4.9
Hexes          | 1 2 |  2.9
Translocations | 1 2 |  2.2
Fire Magic     | 4 |  4.5

Action                     |  1- 3 |  4- 6 || total
---------------------------+-------+-------++-------
   Cast: Foxfire           |    68 |    62 ||   130
         Scorch            |       |    11 ||    11
         Slow              |       |     1 ||     1
    Use: Scroll            |     1 |     5 ||     6
         Potion            |       |     1 ||     1
 Armour: Robe              |    10 |    13 ||    23
  Dodge: Dodged            |    10 |    14 ||    24

Table legend: (Time is in decaauts)
 A = Elapsed time spent in this place.
 B = Non-inter-level travel time spent in this place.
 C = Inter-level travel time spent in this place.
 D = Time resting spent in this place.
 E = Time spent auto-exploring this place.
 F = Levels seen in this place.
 G = Mean time per level.
                   A        B        C        D        E       F      G
               +--------+--------+--------+--------+--------+-----+--------+
         Total |   4032 |   3920 |    112 |    211 |   3215 |   5 |  806.4 |
       Dungeon |   4032 |   3920 |    112 |    211 |   3215 |   5 |  806.4 |
               +--------+--------+--------+--------+--------+-----+--------+

Top non-repeatable levels by time:
     D:3: 1072 daAuts
     D:4: 1013 daAuts
     D:2: 902 daAuts
     D:1: 716 daAuts
     D:5: 326 daAuts
